Cogmind - Beta 13 @@@ ROGUE MODE // 2024.04.29 @ 08:39:37 Player: mandos Result: Destroyed by Y-45 Defender with Heavy Assault Rifle Performance ------------- Evolutions (1) 500 Regions Visited (4) 800 Robots Destroyed (37) 185 Value Destroyed (774) 774 Prototype IDs (0) 0 Alien Tech Used (0) 0 Bonus (176) 176 TOTAL SCORE: 2435 Bonus ------- High Alert Combat Kills 65 Follower Combat Kills 111 Cogmind --------- Core Integrity 0/400 Matter 271/300 Energy 100/100 System Corruption 2% Temperature Hot (285) Movement Core (1350) Ox26 Location -9/Storage Parts ------- > --- POWER (2) -------- (None) > --- PROPULSION (2) --- (None) > --- UTILITY (3) ------ Huge Storage Unit > --- WEAPON (2) ------- (None) > --- INVENTORY (25) --- Aluminum Leg Aluminum Leg Carbon-fiber Leg Small Laser Assault Rifle Peak State ------------ > --- POWER ------------ Ion Engine Light Ion Engine > --- PROPULSION ------- Wheel Wheel > --- UTILITY ---------- Huge Storage Unit Improved Terrain Scanner Power Shielding > --- WEAPON ----------- Assault Rifle Grenade Launcher > --- INVENTORY -------- Carbon-fiber Leg Carbon-fiber Leg Wheel Small Laser Assault Rifle Grenade Launcher [Rating: 12] Favorites ----------- Power Ion Engine Engine Ion Engine Propulsion Wheel Leg Aluminum Leg Wheel Wheel Utility Huge Storage Unit Device Improved Terrain Scanner Storage Huge Storage Unit Protection Power Shielding Weapon Assault Rifle Energy Gun Particle Gun Ballistic Gun Assault Rifle Launcher Grenade Launcher Build | -11 -10 -10 -9 -9 ------- Run | Yrd Mat Min Mat Sto Slots Evolved 2 | . . . 2 . Power 1 | . . . 1 . Propulsion . | . . . . . Utility 1 | . . . 1 . Weapon . | . . . . . Parts Attached 25 | 6 4 . 6 9 Power 6 | 2 . . 2 2 Engine 6 | 2 . . 2 2 Core . | . . . . . Reactor . | . . . . . Propulsion 7 | 2 . . 1 4 Treads . | . . . . . Leg 2 | . . . . 2 Wheel 5 | 2 . . 1 2 Hover . | . . . . . Flight . | . . . . . Utility 5 | 1 3 . 1 . Device 2 | 1 . . 1 . Storage 2 | . 2 . . . Processor . | . . . . . Hackware . | . . . . . Protection 1 | . 1 . . . Artifact . | . . . . . Weapon 7 | 1 1 . 2 3 Energy Gun 1 | . . . . 1 Energy Cannon . | . . . . . Ballistic Gun 3 | 1 . . 1 1 Ballistic Cannon . | . . . . . Launcher 3 | . 1 . 1 1 Special Weapon . | . . . . . Impact Weapon . | . . . . . Slashing Weapon . | . . . . . Piercing Weapon . | . . . . . Special Melee Weapon . | . . . . . Unidentified Prototypes . | . . . . . Parts Lost 13 | . . . 1 12 Power 4 | . . . . 4 Propulsion 3 | . . . 1 2 Utility 2 | . . . . 2 Weapon 4 | . . . . 4 Highest Loss Streak 6 | . . . 1 6 To Critical Strikes . | . . . . . Average Slot Usage (%) 92 | . 95 100 97 83 Engine 18 | . 14 14 21 17 Wheel 19 | . 28 28 21 13 Device 9 | . 12 . 10 10 Storage 11 | . 11 14 11 11 Protection 10 | . 1 14 11 10 Energy Gun 4 | . . . . 10 Ballistic Gun 10 | . 14 14 11 7 Launcher 8 | . 11 14 11 2 Naked Turns . | . . . . . Heaviest Build 96 | 8 91 91 95 96 Greatest Support 20 | 20 20 20 20 20 Greatest Overweight (x) 26 | . 4 4 4 26 Average Overweight (x) 3 | . 1 4 4 6 Largest Inventory Capacity 25 | 5 25 25 25 25 Average Capacity 22 | 5 17 25 25 25 Most Carried 7 | 5 7 6 7 7 Average Carried 4 | 2 5 6 4 4 Final Capacity 25 | 5 25 25 25 25 Final Carried 6 | 5 6 6 5 5 Class Distribution -------------------- 60% | Scavenger-Mutant 39% | Mutant Dominant Class ---------------- Mutant | -10/Materials Mutant | -10/Mines Scavenger-Mutant | -9/Materials Scavenger-Mutant | -9/Storage Resources | -11 -10 -10 -9 -9 ----------- Run | Yrd Mat Min Mat Sto Matter Collected 762 | 287 60 . 277 138 Remotely . | . . . . . Salvage Created 760 | 76 96 . 282 306 Parts 74 | 9 13 . 23 29 Haulers Intercepted 1 | . . . 1 . Recyclers Shooed . | . . . . . Parts Field Recycled . | . . . . . Retrieved Matter . | . . . . . Parts Self-Destructed . | . . . . . Prevented . | . . . . . Kills | -11 -10 -10 -9 -9 ------- Run | Yrd Mat Min Mat Sto Combat Hostiles Destroyed 26 | 1 3 . 11 11 Guns 12 | 1 1 . 3 7 AOE 14 | . 2 . 8 4 Classes Destroyed 9 | 3 3 . 3 . Worker 4 | 1 . . 2 1 Builder 2 | . 1 . 1 . Tunneler 1 | 1 . . . . Hauler 1 | . . . 1 . Recycler 1 | . 1 . . . Watcher 2 | . . . 1 1 Swarmer 12 | . 3 . 6 3 Grunt 10 | 1 . . 3 6 Sentry 4 | . . . 2 2 Best Kill Streak 6 | 2 5 . 6 6 Combat Bots Only 6 | 1 3 . 4 6 Max Kills in Single Turn 2 | 1 2 . 2 2 Gunslinging . | . . . . . Exploded 2 | . 1 . 2 2 Melee . | . . . . . Uniques/NPCs Destroyed . | . . . . . Combat | -11 -10 -10 -9 -9 -------- Run | Yrd Mat Min Mat Sto Hostile Shots Fired 163 | 3 22 . 28 110 Missed 52 | . 8 . 16 28 Damage Taken 1381 | 32 129 . 122 1098 Core 465 | 10 48 . 23 384 Absorbed by Shields . | . . . . . Redirected to Shielding 51 | . . . 7 44 Core Remaining (%) 86 | 96 . 76 . . Volleys Fired 75 | 9 6 . 18 42 Largest 2 | 1 2 . 2 2 Hottest 95 | 20 50 . 50 95 Shots Fired 121 | 9 9 . 32 71 Gun 98 | 9 6 . 18 65 Cannon . | . . . . . Launcher 23 | . 3 . 14 6 Special . | . . . . . Kinetic 56 | 9 6 . 18 23 Thermal 42 | . . . . 42 Explosive 23 | . 3 . 14 6 Electromagnetic . | . . . . . Robot Hit Streak 15 | 3 2 . 5 15 Robot Miss Streak 3 | 2 3 . 3 3 Penetration Max . | . . . . . Secondary Targets . | . . . . . Shots Hit Robots 64 | 5 3 . 16 40 Core Hits 47 | 4 5 . 18 20 Critical Kills . | . . . . . Critical Parts Destroyed . | . . . . . Critical Strikes 3 | . . . . 3 Burn 3 | . . . . 3 Melee Attacks . | . . . . . Impact . | . . . . . Slashing . | . . . . . Piercing . | . . . . . Sneak Attacks . | . . . . . Combat Hostiles . | . . . . . Follow-up Attacks . | . . . . . Damage Inflicted 1922 | 75 177 . 933 737 Guns 752 | 75 40 . 93 544 Cannons . | . . . . . Explosions 1170 | . 137 . 840 193 Melee . | . . . . . Ramming . | . . . . . Kinetic 392 | 75 40 . 93 184 Thermal 400 | . . . 40 360 Explosive 1130 | . 137 . 800 193 Electromagnetic . | . . . . . Impact . | . . . . . Slashing . | . . . . . Piercing . | . . . . . Highest Corruption 2 | . . . . 2 Average Corruption 2 | . . . . 2 Corruption Purged . | . . . . . Corruption Blocked . | . . . . . Effects 8 | . . . . 8 Message Errors 1 | . . . . 1 Matter Fused 1 | . . . . 1 Heat Flow Errors 4 | . . . . 4 Parts Rejected 1 | . . . . 1 Data Loss (major) 1 | . . . . 1 Overload Shots . | . . . . . Overflow Damage 49 | . . . 49 . Projectiles . | . . . . . Explosions 49 | . . . 49 . Melee . | . . . . . Knockbacks . | . . . . . Impact . | . . . . . Kinetic . | . . . . . Secondary . | . . . . . Self-Inflicted Damage 44 | . 17 . . 27 Shots 2 | . 1 . . 1 Rammed . | . . . . . Targets Rammed . | . . . . . Kicked . | . . . . . Crushed . | . . . . . Highest Temperature 321 | . . . 4 321 Average Temperature 100 | . . . 3 102 Received Heat Transfer 468 | 18 . . 21 429 Effects 1 | . . . . 1 Energy Bleed 1 | . . . . 1 Siege Activations . | . . . . . Robots Corrupted . | . . . . . Combat Hostiles . | . . . . . Parts Fried . | . . . . . Impact Corruptions . | . . . . . Robots Melted . | . . . . . Combat Hostiles . | . . . . . Parts Melted 3 | . . . . 3 Heat Transferred 1123 | . . . 50 1073 Parts Sabotaged . | . . . . . Parts Stolen . | . . . . . Parts Stripped . | . . . . . Power Chain Reactions . | . . . . . Alert | -11 -10 -10 -9 -9 ------- Run | Yrd Mat Min Mat Sto Peak Influence 695 | 30 110 42 695 478 Initial 208 | . 19 42 16 208 Average 304 | 11 45 42 481 358 Maximum Alert Level 2 | . . . 2 2 Low Security (%) 33 | 100 100 100 12 . Level 1 26 | . . . 17 57 Level 2 39 | . . . 70 42 Level 3 . | . . . . . Level 4 . | . . . . . Level 5 . | . . . . . High Security . | . . . . . Max Security . | . . . . . Squads Dispatched 2 | . . . . 2 Investigation . | . . . . . Extermination . | . . . . . Reinforcement 2 | . . . . 2 Assault . | . . . . . Garrison . | . . . . . Intercept . | . . . . . Searches Triggered . | . . . . . Construction Impeded 1 | . . . . 1 Haulers Reinforced . | . . . . . Active Scanning Responses . | . . . . . Cargo Convoy Interrupts . | . . . . . Stealth | -11 -10 -10 -9 -9 --------- Run | Yrd Mat Min Mat Sto Distress Signals 4 | . . . 2 2 Communications Jammed . | . . . . . Distress Signals . | . . . . . Times Spotted 40 | 1 3 . 17 19 Peak Tracking Total 5 | 1 3 . 3 5 Tactical Retreats . | . . . . . Traps | -11 -10 -10 -9 -9 ------- Run | Yrd Mat Min Mat Sto Traps Triggered 1 | . . . . 1 Indirectly . | . . . . . Trap Hack Attempts . | . . . . . Triggered . | . . . . . Disarmed . | . . . . . Reprogrammed . | . . . . . Reused . | . . . . . Traps Extracted . | . . . . . Installed . | . . . . . Triggered . | . . . . . Machines | -11 -10 -10 -9 -9 ---------- Run | Yrd Mat Min Mat Sto Machines Disabled 6 | . . . 5 1 Max in Single Turn 3 | . . . 3 1 Machines Repaired . | . . . . . Machines Dismantled . | . . . . . Machines Sabotaged . | . . . . . Overloaded Fab Kills . | . . . . . Hacking | -11 -10 -10 -9 -9 --------- Run | Yrd Mat Min Mat Sto Machines Accessed 4 | . 2 . 2 . Terminals 2 | . 1 . 1 . Fabricators . | . . . . . Repair Stations . | . . . . . Recycling Units 1 | . 1 . . . Scanalyzers 1 | . . . 1 . Garrison Access . | . . . . . Total Hacks 12 | . 2 . 10 . Successful 9 | . 1 . 8 . Failed 3 | . 1 . 2 . Catastrophic . | . . . . . Database Lockouts . | . . . . . Manual . | . . . . . Terminals 7 | . 1 . 6 . Fabricators . | . . . . . Repair Stations . | . . . . . Recycling Units 1 | . 1 . . . Scanalyzers 4 | . . . 4 . Garrison Access . | . . . . . Terminal Hacks 6 | . 1 . 5 . Record 4 | . . . 4 . Alert Level 1 | . . . 1 . Zone Layout 1 | . 1 . . . Fabricator Hacks . | . . . . . Repair Station Hacks . | . . . . . Recycling Unit Hacks . | . . . . . Scanalyzer 3 | . . . 3 . Insert Component 1 | . . . 1 . Analyze 2 | . . . 2 . Garrison Access Hacks . | . . . . . Unauthorized Hacks . | . . . . . Terminals . | . . . . . Fabricators . | . . . . . Repair Stations . | . . . . . Recycling Units . | . . . . . Scanalyzers . | . . . . . Garrison Access . | . . . . . Data Cores Recovered . | . . . . . Used . | . . . . . Hacking Detections 1 | . . . 1 . Full Trace Events 1 | . . . 1 . Feedback Events . | . . . . . Feedback Blocked . | . . . . . Robot Schematics Acquired . | . . . . . Robots Built . | . . . . . Authchips . | . . . . . Time . | . . . . . Total Robot Build Rating . | . . . . . Part Schematics Acquired 1 | . . . 1 . Parts Built . | . . . . . Authchips . | . . . . . Time . | . . . . . Total Part Build Rating . | . . . . . Parts Repaired . | . . . . . Time . | . . . . . Parts Recycled . | . . . . . Recycled Matter . | . . . . . Retrieved Matter . | . . . . . Retrieved Components . | . . . . . Parts Scanalyzed 1 | . . . 1 . Part Schematics Acquired 1 | . . . 1 . Parts Damaged 1 | . . . 1 . Bothacking | -11 -10 -10 -9 -9 ------------ Run | Yrd Mat Min Mat Sto Used RIF Installer . | . . . . . Robots Hacked . | . . . . . Non-combat . | . . . . . Combat . | . . . . . Robot Hacks Applied . | . . . . . Relay Couplers Released . | . . . . . Fabnet Peak Effective % . | . . . . . Robots Rewired . | . . . . . Allies Hacked . | . . . . . Hacks Repelled . | . . . . . Allies | -11 -10 -10 -9 -9 -------- Run | Yrd Mat Min Mat Sto Total Allies 1 | . . 1 . . Largest Group 1 | . . 1 1 . Highest-Rated Group 31 | . . 31 31 . Highest-Rated Ally 31 | . . 31 31 . Total Orders . | . . . . . Ally Attacks 26 | . . . 26 . Total Damage 278 | . . . 278 . Kills 7 | . . . 7 . Allies Corrupted . | . . . . . Allies Melted . | . . . . . Intel | -11 -10 -10 -9 -9 ------- Run | Yrd Mat Min Mat Sto Robot Analysis Total . | . . . . . Derelict Logs Recovered 1 | . . 1 . . Drone Launches . | . . . . . Drone Recoveries . | . . . . . Exploration | -11 -10 -10 -9 -9 ------------- Run | Yrd Mat Min Mat Sto Turns Passed 1400 | 114 123 178 475 510 Spaces Moved 825 | 108 93 128 297 199 Core 35 | 34 . . . 1 Treads . | . . . . . Legs 1 | . . . . 1 Wheels 789 | 74 93 128 297 197 Hover . | . . . . . Flight . | . . . . . Fastest Speed 50 | 50 80 140 140 140 Average Speed 139 | 70 107 140 140 191 Slowest Speed 1350 | 80 140 140 140 1350 Overloaded Moves . | . . . . . Propulsion Burnouts . | . . . . . Robots Hopped . | . . . . . Cave-ins Triggered . | . . . . . Exploration Rate (%) 22 | 6 20 29 17 39 Regions Visited 4 Branch Regions 2 Pre-discovered Areas . | . . . . . Known Exits Taken . | . . . . . Unknown Exits Taken 4 | 1 1 1 1 . Scrap Searched . | . . . . . Spaces Dug 9 | . . . 9 . Terrain Destroyed 179 | . 9 . 135 35 Melee . | . . . . . Projectile . | . . . . . AOE 179 | . 9 . 135 35 Terrain Rammed . | . . . . . Walls Destroyed . | . . . . . Machines Disabled . | . . . . . Actions | -11 -10 -10 -9 -9 --------- Run | Yrd Mat Min Mat Sto Total 954 | 137 107 127 325 258 Wait 2 | . 2 . . . Move 821 | 107 92 127 296 199 Hop . | . . . . . Pick Up 18 | 12 1 . 2 3 Fast Attach 7 | 1 3 . . 3 Attach 15 | 4 1 . 4 6 Detach 6 | . 1 . 1 4 Swap 3 | 1 . . 2 . Drop 7 | 3 1 . 2 1 Fire 75 | 9 6 . 18 42 Melee . | . . . . . Ram . | . . . . . Kick . | . . . . . Crush . | . . . . . Escape Stasis . | . . . . . Rewire . | . . . . . Trap . | . . . . . Miscellaneous . | . . . . . Route ------- -11/Scrapyard -10/Materials -10/Mines (discovered 2 exits: *Mat x2) -9/Materials -9/Storage History --------- Turn | Location | Event 2 | -11/Scrapyard | Met Revision 17 64 | -11/Scrapyard | Discovered new exit (range 8) 115 | -11/Scrapyard | Entered Materials 147 | -10/Materials | Discovered new exit (range 12) 238 | -10/Materials | Entered Mines 247 | -10/Mines | Met a Derelict bent on vengeance 304 | -10/Mines | Build established: Mutant 362 | -10/Mines | Learned Materials terminal intel 401 | -10/Mines | Discovered new exit (range 15) 405 | -10/Mines | Discovered new exit (range 8) 409 | -10/Mines | Received a Mining Laser from a helpful Derelict 416 | -10/Mines | Entered Materials 416 | -9/Materials | Accompanied by 1 ally 416 | -9/Materials | Evolved 2 slots: Power x1, Utility x1 417 | -9/Materials | Loaded intel: 12 terminal locations 556 | -9/Materials | Discovered new exit (range 16) 752 | -9/Materials | Build established: Scavenger-Mutant 891 | -9/Materials | Entered Storage 1032 | -9/Storage | Lost 5 parts (2p1n2w) 1380 | -9/Storage | Core integrity fell below 50% 1396 | -9/Storage | Core integrity fell below 20% 1401 | -9/Storage | Destroyed by Y-45 Defender with Heavy Assault Rifle Last Messages --------------- R-06 Scavenger collects Wheel. Power Shielding destroyed. Heat Sink melted. G-34 Mercenary destroyed. R-06 Scavenger collects Sml. Laser. R-06 Scavenger collects Aluminum Leg. R-06 Scavenger collects Ion Engine. Ion Engine destroyed. R-06 Scavenger collects Aluminum Leg. Lgt. Ion Engine destroyed. Imp. Terrain Scanner destroyed. R-06 Scavenger destroyed. Overheating: Energy bleed (-20). R-06 Scavenger collects Sml. Storage Unit. Particle Gun destroyed. R-06 Scavenger collects Beam Rifle. K-01 Serf collects debris. R-06 Scavenger collects Lgt. Ion Engine. K-01 Serf collects debris. System corrupted: Heat flow error (+256). Map ----- +----------------------------------------------------+ | | | | | | | | | | | ?????????????????????????????????????????????????? | | ?????????????????????????????????????????????????? | | ?????????????????????????????????????????????????? | | ?????????????????????????????????????????????????? | | ?????????????????????????????????????????????????? | | ?????????????????????????????????????????????????? | | ?????????????????????? ??????????????????????????? | | ?????????????????????????????????????????????????? | | ???????????????????"?????????????????????????????? | | ????????????????????????"????????????????????????? | | ?????????????????????????????????????????????????? | | ?????????????????????????????????????????????????? | | ????????????#???##+#?????????????????????????????? | | ????????????????? ???????????????????????????? | | ?????????????????? ?????? ?????????????????????? | | ??????????????? ??? ??? ??? ???????????????????? | | ???????????????######+#####????? #???????????????? | | ??????????????### #????? #???????????????? | | ??????????????#"" ] #???#? #? ?????????????? | | ???????????????"T % ###### #???????????????? | | ??????????????#?" """ @Y% #???????????????? | | ???????????????## """ =## u#???????????????? | | ????????????????# """ ## ###### #????????? | | ?????????????#??# """" ## #????????? | | ????????#?????#?# gg## #????????? | | ????????????????#########/## #????????? | | ??????????????????????#?# ???????? | | ??????????#??#??????????# ???????? | | ????????????????????????#u ###+#####???????????? | | ???????????##?#???#??#### / #????????????? | | ??????????#??????#?####T# #### """ #???#????????? | | ?????????????#?????#==" # #??? """ #????????????? | | ????????#???????#??# + #?#??""" ###??????????? | | ??????????????#???##==" #k#??? ? ??????#????????? | | ?????????????#????####### #?????? ? ????????????? | | ???????????????#???????## #?????????#???#????????? | | ????????????##??????????# #???????#??????????????? | | ??????????##??###########+##????????#????? #?????? | | ??????????????# # ###??##?#??#??? ?????? | | ??????????????# # T ""#???##??????? ?????? | | ??????????????# # T"#??#????????? ?????? | | ??????????????# # ""#????????#??# ?????? | | ?? ???????????# # ###?#??#??????? ?????? | | ??????#??????## + """ #???#?????????# ?????? | | ??????????#?## # """ ##???#????????# ?????? | +----------------------------------------------------+ Best States ------------- Heat Dissipation 28 Energy Generation 15 Energy Capacity 275 Matter Stores 300 Matter Capacity 350 Sight Range 16 Terrain Scan Range 16 Terrain Scan Density 10 Power Shielding 33 Evasion (%) 50 Item Schematics ----------------- Carbon-fiber Leg | -9/Materials | Scanalyzed Robot Schematics ------------------ None Fabricated ------------ Nothing Alien Tech Used ----------------- None Achievements -------------- Crack Shot Loot Pinata Challenges ------------ None Game ------ Seed SegregatorLinkedBoregun Manual? 0 Play Time 00:26:29 Cumulative 0.9 hours Start 2024.04.29 @ 08:11:55 End 2024.04.29 @ 08:39:37 Sessions 1 Manual Loads 0 Difficulty Rogue Special Mode None Game No. 2 Rogue 2 Adventurer 0 Explorer 0 Win Type - Total 0 Types 0/0/0/0/0/0/0/0/0 Lore% 0 Gallery% 2 Achievement% 1 Wizard Run 0 Options --------- Layout 1 ASCII 0 Keyboard 0 Movement Mouse Keybinds 0 Fullscreen 1 Font 32/SmallcapsGlow Map View 50x35 Zoom Use 0% Tactical HUD 0 Map Filters NONE Filters NONE Steam 1 RUN: 213b3986-de1f-40f4-a8a2-ea647da76360